 Dungeon Crawl Stone Soup version 0.24-a0-458-gfcb5e6da0e (webtiles) character file.

Game seed: 16101840032534959774

5160 pk666 the Thaumaturge (level 10, -16/50 HPs)
             Began as a Deep Elf Wizard on June 26, 2019.
             Was a Believer of Vehumet.
             Killed by the air
             ... invoked by Gastronok
              (33 damage)
             ... on level 8 of the Dungeon.
             The game lasted 00:39:24 (10613 turns).

pk666 the Thaumaturge (Deep Elf Wizard)            Turns: 10613, Time: 00:39:24

Health: -16/50     AC:  4    Str:  4    XL:     10   Next: 33%
Magic:  10/41      EV: 15    Int: 29    God:    Vehumet [**....]
Gold:   507        SH:  0    Dex: 13    Spells: 14/30 levels left

rFire    . . .     SeeInvis .   j - staff of power
rCold    . . .     Gourm    .   (no shield)
rNeg     . . .     Faith    .   a - +0 robe
rPois    .         Spirit   .   b - +1 hat
rElec    .         Reflect  .   x - +0 cloak
rCorr    .         Harm     .   (no gloves)
MR       +....                  (no boots)
Stlth    ++........             r - amulet of inaccuracy (curse)
HPRegen  0.16/turn              f - +2 ring of intelligence
MPRegen  0.27/turn              o - -3 ring of slaying (curse)

@: slowed, very slow
A: no striking features
a: Renounce Religion


You were on level 8 of the Dungeon.
You worshipped Vehumet.
Vehumet was pleased with you.
You were not hungry.

You visited 2 branches of the dungeon, and saw 9 of its levels.

You collected 507 gold pieces.

Inventory:

Hand Weapons
 c - a +3 dagger of venom
Armour
 a - a +0 robe (worn)
 b - a +1 hat (worn)
 x - a +0 cloak (worn)
Magical Staves
 j - an uncursed staff of power (weapon)
Jewellery
 f - a +2 ring of intelligence (left hand)
 o - a cursed -3 ring of slaying (right hand)
 p - an uncursed amulet of guardian spirit {unknown}
 r - a cursed amulet of inaccuracy (around neck)
 w - an uncursed ring of stealth
Wands
 h - a wand of flame (39)
Scrolls
 g - 3 scrolls of identify
 m - 2 scrolls of teleportation
 u - 3 scrolls of magic mapping
Potions
 e - 6 potions of curing
 i - 4 potions of agility
 k - a potion of haste {unknown}
 l - 2 potions of mutation
 n - 2 potions of invisibility
 q - a potion of flight {unknown}
 s - a potion of lignification {unknown}
 v - 2 potions of cancellation
 z - 3 potions of heal wounds {unknown}
Comestibles
 d - 6 rations
 t - 2 chunks of flesh


   Skills:
 + Level 6.6 Dodging
 - Level 2.4 Stealth
 + Level 10.9 Spellcasting
 + Level 8.5 Conjurations
 - Level 2.9 Charms
   Level 1.1 Summonings
 - Level 2.5 Necromancy
 - Level 3.0 Translocations
 + Level 8.2 Fire Magic
 - Level 2.0 Air Magic
 - Level 3.0 Poison Magic


You had 14 spell levels left.
You knew the following spells:

 Your Spells              Type           Power        Failure   Level  Hunger
a - Magic Dart            Conj           ####         1%          1    None
b - Blink                 Tloc           N/A          1%          2    None
c - Conjure Flame         Conj/Fire      ######..     1%          3    None
d - Mephitic Cloud        Conj/Pois/Air  #####...     1%          3    None
e - Force Lance           Conj/Tloc      #####...     3%          4    None
f - Regeneration          Chrm/Necr      ####......   3%          3    None

Your spell library contained the following spells:

 Spells                   Type           Power        Failure   Level  Hunger
 Sandblast                Erth           ###...       3%          1    None
 Animate Skeleton         Necr           N/A          1%          1    None
 Pain                     Necr           ####         1%          1    None
 Searing Ray              Conj           ######       1%          2    None
 Dazzling Spray           Conj/Hex       #####.       1%          3    None
 Iskenderun's Mystic Bla  Conj           ######..     1%          4    None
 Confusing Touch          Hex            ###...       3%          1    None
 Call Imp                 Summ           ###.....     3%          2    None
 Gell's Gravitas          Tloc           ####......   3%          3    None
 Vampiric Draining        Necr           ####......   3%          3    None
 Slow                     Hex            ###.....     5%          2    None
 Fulminant Prism          Conj/Hex       #####.....   6%          4    None
 Confuse                  Hex            ###.....     11%         3    None
 Animate Dead             Necr           N/A          12%         4    None
 Petrify                  Tmut/Erth      ###.....     34%         4    None
 Metabolic Englaciation   Hex/Ice        ###.......   67%         5    ###....
 Yara's Violent Unravell  Hex/Tmut       ###.......   67%         5    ###....


Dungeon Overview and Level Annotations

Branches:
Dungeon (8/15)             Temple (1/1) D:4
   Lair: D:8-11

Altars:
Cheibriados
Elyvilon
Fedhas
Gozag
Hepliaklqana
Kikubaaqudgha
Makhleb
Nemelex Xobeh
Okawaru
Qazlal
Ru
Sif Muna
Trog
Uskayaw
Vehumet
Wu Jian
Xom
Yredelemnul
Zin
The Shining One

Shops:
D:5 (   D:6 *

Annotations:
D:1 exclusion: downstairs
D:4 exclusion: downstairs
D:7 2 transporters, Loge's ghost, novice TrMo
D:8 Gastronok


Message History

Casting: Magic Dart (safe; 1% risk of failure)
Confirm with . or Enter, or press ? or * to list all spells.
Aiming: Force Lance (safe; 3% risk of failure)
Press: ? - help, Shift-Dir - straight line, f/p - Gastronok
Aim: Gastronok, wearing a +0 hat of magic resistance (severely wounded, covering ground quickly)
The lance of force hits Gastronok.
Gastronok is severely wounded.
The bat misses you. The quokka closely misses you.
The bat hits you but does no damage. Gastronok bites you!!
Ouch! That really hurt!
The quokka bites you.
The bat hits you but does no damage. x2; The quokka closely misses you.
Gastronok casts a spell.
Your skin takes on a slight green cast.
The bat hits you but does no damage. The bat closely misses you.
The quokka misses you.
Gastronok waves his eye-stalks in wide circles.
The air twists around and strikes you!
Ouch! That really hurt!
You die...

.....##.......#####
.)..........>.....#
..................#
##.....)..........#
#.................#
..................#
.#...........w....#
...............bb.#
#.......#......r@.#
#...............###
........#########
#.......# ........#
..#.##### >...#
....# ...##


You could see Gastronok, a quokka and 2 bats.

Vanquished Creatures
  Pikel (D:4)
  A troll (D:8)
  2 hippogriffs
  Sigmund (D:2)
  Eustachio (D:5)
  4 humans (D:7)
  Menkaure (D:7)
  Duvessa (D:7)
  4 slaves
  An ice beast (D:8)
  2 phantoms
  A sky beast (D:6)
  2 ogres (D:8)
  A big kobold (D:7)
  9 bullfrogs
  A gnoll sergeant (D:7)
  Dowan (D:7)
  9 wights
  6 howler monkeys
  2 crimson imps
  A centaur zombie (D:6)
  5 hounds
  Crazy Yiuf (D:7)
  8 orc priests
  A bullfrog skeleton (D:5)
  A centaur skeleton (D:8)
  7 orc wizards
  Natasha (thrice) (D:2)
  2 worker ants (D:7)
  A hound zombie (D:7)
  A hound skeleton (D:7)
  A mummy (D:7)
  4 gnolls (D:7)
  11 adders
  4 shadow imps
  3 oozes
  A worm (D:3)
  2 adder skeletons (D:4)
  3 dart slugs
  3 leopard geckos
  34 orcs
  4 ball pythons
  5 bats
  3 giant cockroaches
  9 goblins
  3 hobgoblins
  7 jackals
  4 quokkas
  7 frilled lizards
  A jackal skeleton (D:5)
  14 kobolds
  7 rats
  A fungus (D:7)
213 creatures vanquished.

Notes
Turn   | Place    | Note
-------+----------+-------------------------------------------
     0 | D:1      | pk666 the Deep Elf Wizard began the quest for the Orb.
     0 | D:1      | Reached XP level 1. HP: 10/10 MP: 7/7
   310 | D:1      | Reached XP level 2. HP: 10/15 MP: 0/9
   920 | D:2      | Noticed Sigmund
  1071 | D:2      | Reached skill level 5 in Spellcasting
  1071 | D:2      | Reached XP level 3. HP: 12/19 MP: 0/11
  1135 | D:2      | Learned a level 2 spell: Blink
  1139 | D:2      | Learned a level 3 spell: Conjure Flame
  1143 | D:2      | Learned a level 3 spell: Mephitic Cloud
  1254 | D:2      | Found an iron altar of Okawaru.
  1290 | D:2      | You fall into a shaft and drop 1 floor!
  1473 | D:3      | Found an opulent altar of Gozag.
  1527 | D:3      | Reached XP level 4. HP: 21/24 MP: 7/13
  1560 | D:3      | Reached skill level 1 in Fire Magic
  1882 | D:3      | Reached skill level 1 in Poison Magic
  2009 | D:3      | Reached skill level 1 in Air Magic
  2018 | D:3      | Reached XP level 5. HP: 17/28 MP: 12/14
  2459 | D:2      | Noticed Natasha
  2468 | D:2      | Killed Natasha
  2774 | D:2      | Killed Sigmund
  2774 | D:2      | Reached XP level 6. HP: 29/32 MP: 16/16
  2957 | D:2      | Noticed Natasha
  3064 | D:2      | Killed Natasha
  3234 | D:2      | Noticed Natasha
  3261 | D:2      | Killed Natasha
  3261 | D:2      | Reached skill level 6 in Spellcasting
  4423 | D:4      | Reached XP level 7. HP: 15/36 MP: 18/18
  4642 | D:4      | Found a staircase to the Ecumenical Temple.
  4656 | Temple   | Entered the Ecumenical Temple
  4671 | Temple   | Became a worshipper of Vehumet
  5113 | D:5      | Entered Level 5 of the Dungeon
  5113 | D:5      | Noticed Eustachio
  5135 | D:5      | Noticed Pikel
  5618 | D:4      | Killed Pikel
  5618 | D:4      | Reached skill level 7 in Spellcasting
  5618 | D:4      | Reached skill level 5 in Conjurations
  5618 | D:4      | Reached XP level 8. HP: 12/41 MP: 0/21
  5860 | D:5      | Reached skill level 8 in Spellcasting
  5873 | D:5      | Reached skill level 5 in Fire Magic
  6187 | D:5      | Killed Eustachio
  6456 | D:5      | Found Ejuza's Weapon Shoppe.
  6517 | D:5      | Learned a level 4 spell: Force Lance
  6925 | D:6      | Found a white marble altar of Elyvilon.
  7069 | D:6      | Reached * piety under Vehumet
  7069 | D:6      | Offered knowledge of Flame Tongue by Vehumet.
  7112 | D:6      | Reached skill level 9 in Spellcasting
  7393 | D:6      | Found a sacrificial altar of Ru.
  7564 | D:6      | Reached XP level 9. HP: 45/45 MP: 24/24
  8031 | D:6      | Found Xoetot's Assorted Antiques.
  8325 | D:7      | Noticed Menkaure
  8328 | D:7      | Killed Menkaure
  8524 | D:7      | Reached skill level 5 in Dodging
  8524 | D:7      | Reached skill level 10 in Spellcasting
  8681 | D:7      | Found a snail-covered altar of Cheibriados.
  8764 | D:7      | Found a burning altar of Makhleb.
  8831 | D:7      | Learned a level 3 spell: Regeneration
  8902 | D:7      | Offered knowledge of Sandblast by Vehumet.
  8906 | D:7      | Noticed Duvessa
  8933 | D:7      | Reached skill level 1 in Charms
  8950 | D:7      | Reached ** piety under Vehumet
  8950 | D:7      | Reached skill level 1 in Necromancy
  9061 | D:7      | Killed Duvessa
  9063 | D:7      | Noticed Dowan
  9070 | D:7      | Killed Dowan
  9456 | D:7      | Found a transporter.
  9456 | D:7      | Noticed Loge's ghost (novice TrMo)
  9460 | D:7      | Found a transporter.
  9481 | D:7      | Reached XP level 10. HP: 47/50 MP: 26/26
  9950 | D:7      | Found a runed translucent door.
  9951 | D:7      | Noticed Crazy Yiuf
  9961 | D:7      | Killed Crazy Yiuf
 10531 | D:8      | Noticed Gastronok
 10613 | D:8      | Killed from afar by Gastronok

Levels and vault maps discovered:
D:1:      ebering_hopf_link, layout_loops_ring
D:2:      layout_loops_ring, lemuel_round_altar, serial_forest,
          infiniplex_forest_straight_4, infiniplex_forest_clump_curved,
          infiniplex_forest_clump_medium, infiniplex_forest_lined_4_way,
          infiniplex_forest_clump_diagonal, infiniplex_forest_lined_2,
          infiniplex_forest_clump_curved, kennysheep_generic_room_13,
          uniq_natasha, uniq_sigmund
D:3:      layout_loops_cross, nicolae_gozag_cash_rules_everything_around_me
D:4:      layout_cave_pools, temple_pool_b
D:5:      layout_rooms, first_ration, serial_shops, nicolae_shop_behind_doors,
          serial_park_tiny_pond, uniq_pikel, uniq_eustachio
D:6:      layout_gridville, lemuel_round_altar, elyvilon_altar_4, serial_shops,
          kennysheep_little_box, hangedman_decor_diamond_cutter,
          grunt_ministairs_10
D:7:      layout_basic, slow_altar_2, lemuel_doored_altar,
          gammafunk_ghost_arena, minmay_ruffians, uniq_duvessa, uniq_menkaure,
          uniq_crazy_yiuf_cottage
D:8:      layout_rooms, gammafunk_temple_overflow_arena, grunt_livestock,
          uniq_gastronok
Temple:   jpeg_temple_clearing

Skill      XL: |  1  2  3  4  5  6  7  8  9 10 |
---------------+-------------------------------+-----
Dodging        | 3 5 6 |  6.6
Conjurations   | 2 3 5 6 8 |  8.5
Spellcasting   | 5 6 7 9 10 | 10.9
Fire Magic     | 1 2 4 6 7 8 |  8.2
Poison Magic   | 1 2 3 |  3.0
Air Magic      | 1 2 |  2.0
Translocations | 2 3 |  3.0
Charms         | 2 |  2.9
Necromancy     | 2 |  2.5
Stealth        | |  2.4
Summonings     | |  1.1

Action                   |  1- 3 |  4- 6 |  7- 9 | 10-12 || total
-------------------------+-------+-------+-------+-------++-------
Melee: Dagger            |     1 |       |       |       ||     1
       Staff             |       |     2 |     1 |     8 ||    11
 Cast: Magic Dart        |    85 |   181 |   350 |   104 ||   720
       Conjure Flame     |     1 |     2 |    25 |     2 ||    30
       Mephitic Cloud    |       |    10 |    32 |    12 ||    54
       Blink             |       |     3 |     6 |     2 ||    11
       Force Lance       |       |       |    19 |    22 ||    41
  Use: Scroll            |       |       |    15 |       ||    15
  Eat: Chunk             |     2 |     5 |    12 |     3 ||    22
       Ration            |       |     1 |     1 |       ||     2
Armor: Robe              |     2 |     4 |     6 |    16 ||    28
Dodge: Dodged            |    17 |    31 |    42 |    34 ||   124

Table legend:
 A = Non-vault XP
 B = Vault XP
 C = Vault XP percentage of total XP
 D = Non-vault monster count
 E = Vault monster count
 F = Vault count percentage of total count
                 A         B        C        D         E       F
            +---------+---------+-------+---------+---------+-------
      Total |    4774 |    2598 |  35.2 |     189 |      19 |   9.1
            +---------+---------+-------+---------+---------+-------
        D:1 |      32 |       0 |   0.0 |      16 |       0 |   0.0
        D:2 |     139 |     248 |  64.1 |      25 |       3 |  10.7
        D:3 |     183 |       0 |   0.0 |      34 |       0 |   0.0
        D:4 |     371 |     641 |  63.3 |      24 |       1 |   4.0
        D:5 |     440 |     208 |  32.1 |      18 |       1 |   5.3
        D:6 |     868 |     280 |  24.4 |      23 |       5 |  17.9
        D:7 |    1488 |    1221 |  45.1 |      35 |       9 |  20.5
        D:8 |    1253 |       0 |   0.0 |      14 |       0 |   0.0
            +---------+---------+-------+---------+---------+-------
